 Dungeon Crawl Stone Soup version 0.31-a0-486-g8d68a81214 (webtiles) character file.

Game seed: 5994095939873349079

121 holysushi the Ducker (level 4, 0/21 HPs)
             Began as a Spriggan Shapeshifter on Aug 7, 2023.
             Succumbed to a kobold brigand's curare-tipped dart
             ... in a sewer.
             The game lasted 00:06:36 (2888 turns).

holysushi the Ducker (Spriggan Shapeshifter)        Turns: 2888, Time: 00:06:37

Health: 0/21       AC:  2    Str: 11    XL:     4   Next: 76%
Magic:  5/5        EV: 20    Int:  9    God:
Gold:   91         SH:  0    Dex: 17    Spells: 3/3 levels left

rFire   + . .        a - +1 dagger
rCold   + . .        (no shield)
rNeg    . . .        m - +0 animal skin
rPois   +            (helmet currently unavailable)
rElec   +            (cloak currently unavailable)
rCorr   +            (gloves unavailable)
SInv    +            (boots unavailable)
Will    .....        (no amulet)
Stlth   +            (no ring)
HPRegen 0.23/turn    (no ring)
MPRegen 0.09/turn

%: no passive effects
@: lethally poisoned (0 -> -12), beast-form, resistant, slowed, very slow
A: beast (slay +3), very small, no large weapons, unfitting armour, see
invisible, speed 3
a: Begin Untransformation


You were in a sewer.
You were a hulking beast.
You visited 1 branch of the dungeon, and saw 3 of its levels.
You also visited: Sewer.

You collected 91 gold pieces.

Inventory:

Hand Weapons
 a - a +1 dagger (weapon)
Armour
 m - a +0 animal skin (worn)
Talismans
 c - a beast talisman (active)
 i - a blade talisman
Wands
 n - a wand of digging (6)
Scrolls
 f - a scroll of silence
 o - a scroll of revelation {unknown}
 p - a scroll of enchant armour {unknown}
Potions
 b - 3 potions of lignification
 e - a potion of mutation
 j - a potion of cancellation {unknown}


   Skills:
 - Level 0.7 Fighting
 + Level 1.1 Short Blades
 * Level 5.4 Dodging
 - Level 2.4 Unarmed Combat
 + Level 4.9 Shapeshifting


You had 3 spell levels left.
You didn't know any spells.
Your spell library contained the following spells:

 Spells                   Type           Power      Damage    Failure   Level
 Portal Projectile        Hex/Tloc       0%         N/A       77%         3
 Tukima's Dance           Hex            0%         N/A       77%         3
 Iskenderun's Mystic Bla  Conj/Tloc      0%         2d3       99%         4


Dungeon Overview and Level Annotations

Branches:
Dungeon (3/15) Zot: 16356   Sewer (1/1) Zot: 5593

Altars:
Uskayaw

Shops:
D:2 (*[


Innate Abilities, Weirdness & Mutations

You are a hulking beast.
Your limbs bulge with bestial killing power. (Slay +3)
You are very small and have problems with some larger weapons.
You are too small for most types of armour.
You have supernaturally acute eyesight. (SInv)
You cover ground extremely quickly. (Speed+++)


Message History

a +0 short sword; 2 stones You enter the shallow water.
Moving in this stuff is going to be slow.
The kobold brigand throws a curare-tipped dart.
The curare-tipped dart hits you.
You are lethally poisoned!
You have difficulty breathing.
You feel yourself slow down.
You feel extremely sick.
* * * LOW HITPOINT WARNING * * *
You feel very sick.
You feel better.
You see here a worm corpse.
You enter the shallow water.
Moving in this stuff is going to be slow.
The kobold brigand throws a curare-tipped dart.
The curare-tipped dart barely misses you.
The kobold brigand throws a curare-tipped dart.
The curare-tipped dart hits you.
You are lethally poisoned!
You have difficulty breathing.
You feel as though you will be slow longer.
* * * LOW HITPOINT WARNING * * *
You feel extremely sick.
You feel better.
As you read the scroll of teleportation, it crumbles to dust.
You feel strangely unstable.
The kobold brigand throws a curare-tipped dart.
The curare-tipped dart hits you.
You are poisoned.
You have difficulty breathing.
* * * LOW HITPOINT WARNING * * *
You feel as though you will be slow longer.
Okay, then.
It was a potion of resistance.
You feel protected.
Your surroundings suddenly seem different.
Splash!
You fall into the shallow water.
Moving in this stuff is going to be slow.
You die...

##~## ##≈## ##≈## ##...##
##.~.## ##~~.## #
#..~..####...~~#####....~####
#.....K~~~..∩~~≈≈≈≈≈~~~~.~~~~
#~...~####).~..#####.....####
##.~~## ##...## ##~..## #
##### ##~## ##~## #~# #~# #h#
#~# #~# ##K## ..~ ##††.##
.....#####..~~~####
#....~~~~~~.........
#~....#####.~..~#### ##~..##
##...## ##### #####


There were no monsters in sight!

Vanquished Creatures
  4 adders
  A river rat (Sewer)
  2 worms
  A dart slug (D:2)
  8 ball pythons
  3 bats
  3 endoplasms
  2 giant cockroaches (D:3)
  6 goblins
  5 hobgoblins
  3 jackals (D:1)
  8 kobolds
  8 quokkas
  2 frilled lizards
  7 rats
63 creatures vanquished.

Notes
Turn   | Place    | Note
-------+----------+-------------------------------------------
     0 | D:1      | holysushi the Spriggan Shapeshifter began the quest for the
                  | Orb.
     0 | D:1      | Reached XP level 1. HP: 9/9 MP: 2/2
    32 | D:1      | Found a faded altar of an unknown god.
    40 | D:1      | Reached skill level 3 in Dodging
   151 | D:1      | Reached XP level 2. HP: 14/14 MP: 3/3
   863 | D:2      | Reached skill level 4 in Dodging
  1110 | D:2      | Reached XP level 3. HP: 13/17 MP: 4/4
  1475 | D:2      | Found Ytaulakh's Assorted Antiques.
  1830 | D:2      | Found Ofuenaus's Antique Weapon Emporium.
  1931 | D:2      | Found Pisakaed's Armour Emporium.
  2137 | D:3      | Found a hide-covered altar of Uskayaw.
  2389 | D:3      | Found a glowing drain.
  2411 | D:3      | Reached XP level 4. HP: 20/21 MP: 5/5
  2457 | Sewer    | Entered a sewer
  2474 | Sewer    | Reached skill level 5 in Dodging
  2622 | Sewer    | Noticed a kobold brigand
  2699 | Sewer    | Reached skill level 1 in Short Blades
  2888 | Sewer    | Succumbed to a kobold brigand's curare-tipped dart

Illustrated notes

Levels and vault maps discovered:
D:1:      matt_arrival_grand_opening, layout_loops_corners,
          basic_ecumenical_altar, palyth_stone_intersect, glass_columns_b
D:2:      layout_loops_corners, serial_shops, nicolae_shop_overgrown_old_shop,
          nicolae_shop_behind_doors, shop
D:3:      layout_loops_cross, lemuel_coloured_pillars_altar,
          gup_sewer_entry_pipe
Sewer:    sewer_co_15_rooms

Skill      XL: |  1  2  3  4 |
---------------+-------------+-----
Dodging        | 3 4 5 |  5.4
Short Blades   | 1 |  1.1
Fighting       | |  0.7
Unarmed Combat | |  2.4
Shapeshifting  | |  4.9

Action                     |  1- 3 |  4- 6 || total
---------------------------+-------+-------++-------
  Melee: Unarmed           |   114 |    15 ||   129
         Punch             |     4 |     3 ||     7
         Dagger            |    35 |    85 ||   120
    Use: Potion            |       |     7 ||     7
         Scroll            |       |     6 ||     6
   Stab: Sleeping          |     3 |       ||     3
 Armour: Animal skin       |     4 |     3 ||     7
         Skin              |       |    15 ||    15
  Dodge: Dodged            |   110 |    57 ||   167

Table legend: (Time is in decaauts)
 A = Elapsed time spent in this place.
 B = Non-inter-level travel time spent in this place.
 C = Inter-level travel time spent in this place.
 D = Time resting spent in this place.
 E = Time spent auto-exploring this place.
 F = Levels seen in this place.
 G = Mean time per level.
                   A        B        C        D        E       F      G
               +--------+--------+--------+--------+--------+-----+--------+
         Total |   2050 |   2008 |     42 |    235 |    982 |   4 |  512.5 |
       Dungeon |   1643 |   1601 |     42 |    132 |    949 |   3 |  547.7 |
         Sewer |    406 |    406 |      0 |    103 |     33 |   1 |  406.0 |
               +--------+--------+--------+--------+--------+-----+--------+

Top non-repeatable levels by time:
     D:2: 752 daAuts
     D:1: 594 daAuts
   Sewer: 406 daAuts
     D:3: 297 daAuts
